 Dungeon Crawl Stone Soup version 0.31-a0-963-ga325b2283a (webtiles) character file.

Game seed: 6396699742796669259

4232 Fodor the Basher (level 10, 0/84 HPs)
             Began as a Minotaur Fighter on Oct 24, 2023.
             Was an Initiate of Gozag.
             Slain by an orc warrior
             ... wielding a +0 dire flail
              (7 damage)
             ... on level 8 of the Dungeon on Oct 25, 2023.
             The game lasted 00:32:08 (5693 turns).

Fodor the Basher (Minotaur Fighter)                 Turns: 5693, Time: 00:32:09

Health: 0/84       AC: 16    Str: 22    XL:     10   Next: 9%
Magic:  9/9        EV:  9    Int:  5    God:    Gozag
Gold:   777        SH:  6    Dex: 11    Spells: 9/9 levels left

rFire   . . .        y - +7 mace of Makhleb's Generosity {heavy, rCorr Str-4 Dex+2}
rCold   + . .        c - +0 buckler
rNeg    . . .        h - +0 chain mail
rPois   .            (helmet restricted)
rElec   .            S - +0 cloak
rCorr   +            o - +2 pair of gloves
SInv    .            (no boots)
Will    .....        G - amulet of the acrobat Stlth
                     s - ring of protection from cold
HPRegen 0.34/turn    (no ring)
MPRegen 0.11/turn

%: acrobat
@: gold aura
A: horns 2, retaliatory headbutt
a: Renounce Religion, Potion Petition, Call Merchant, Bribe Branch


You were on level 8 of the Dungeon.
You worshipped Gozag.
Gozag was pleased with you.
You visited 2 branches of the dungeon, and saw 9 of its levels.

You collected 870 gold pieces.
You paid 93 gold pieces to Gozag.

Inventory:

Hand Weapons
 a - a +0 war axe
 y - the +7 mace of Makhleb's Generosity (weapon) {heavy, rCorr Str-4 Dex+2}
   (You found it on level 4 of the Dungeon)

   Str-4:     It affects your strength (-4).
   Dex+2:     It affects your dexterity (+2).
   rCorr:     It protects you from acid and corrosion.
 R - a +0 arbalest
Missiles
 f - a throwing net
 k - 5 atropa-tipped darts (quivered)
 P - 2 poisoned darts
Armour
 c - a +0 buckler (worn)
 h - a +0 chain mail (worn)
 o - a +2 pair of gloves (worn)
 S - a +0 cloak (worn)
Jewellery
 r - an amulet of reflection
 s - a ring of protection from cold (left hand)
 G - an amulet of the acrobat (around neck)
Talismans
 w - a talisman of death
 Q - a flux talisman
Wands
 q - a wand of iceblast (18)
 t - a wand of digging (5)
 J - a wand of flame (13)
Scrolls
 e - a scroll of acquirement {unknown}
 l - a scroll of brand weapon {unknown}
 m - 5 scrolls of identify {unknown}
 p - 4 scrolls of immolation
 u - 3 scrolls of teleportation {unknown}
 v - 2 scrolls of vulnerability {unknown}
 A - a scroll of silence {unknown}
 C - a scroll of summoning {unknown}
 D - a scroll of poison {unknown}
 F - a scroll of revelation {unknown}
 I - a scroll of fog {unknown}
 K - a scroll of fear {unknown}
 M - a scroll of noise {unknown}
 N - a scroll of torment {unknown}
 O - a scroll of amnesia {unknown}
Potions
 b - 3 potions of enlightenment
 d - 3 potions of might
 g - 3 potions of attraction {unknown}
 i - a potion of lignification {unknown}
 j - 3 potions of curing {unknown}
 n - 2 potions of cancellation
 x - 2 potions of mutation {unknown}
 z - 3 potions of brilliance
 B - a potion of degeneration {unknown}
 E - a potion of haste {unknown}
 H - 3 potions of heal wounds {unknown}
 L - 2 potions of resistance {unknown}


   Skills:
 + Level 6.9 Fighting
 + Level 7.4(9.5) Axes
 + Level 9.2(10.4) Maces & Flails
 + Level 8.8 Armour
 + Level 3.4 Dodging
 + Level 1.2 Stealth
 + Level 8.1 Shields


You had 9 spell levels left.
You didn't know any spells.
Your spell library contained the following spells:

 Spells                   Type           Power      Damage    Failure   Level
 Hailstorm                Conj/Ice       0%         3d3       100%        3
 Summon Ice Beast         Ice/Summ       0%         N/A       100%        4
 Summon Forest            Summ/Tloc      0%         N/A       100%        5
 Eringya's Noxious Bog    Tmut/Pois      0%         4d6       100%        6
 Summon Hydra             Summ           0%         N/A       100%        7
 Simulacrum               Ice/Necr       Unusable   N/A       N/A         6

Dungeon Overview and Level Annotations

Branches:
Dungeon (8/15)             Temple (1/1) D:4
   Lair: D:8-11

Altars:
Ashenzari
Cheibriados
Dithmenos
Elyvilon
Fedhas
Gozag
Hepliaklqana
Kikubaaqudgha
Makhleb
Nemelex Xobeh
Okawaru
Qazlal
Ru
Sif Muna
Trog
Uskayaw
Vehumet
Wu Jian
Xom
Yredelemnul
Zin
The Shining One


Innate Abilities, Weirdness & Mutations

You have a pair of horns on your head.
You reflexively headbutt those who attack you in melee.


Message History

The orc priest shouts!
You sock the orc warrior! Your headbutt misses the orc warrior.
The orc warrior is heavily wounded.
The orc warrior hits you but does no damage.
The orc warrior hits you from afar with a +0 trident!
The orc warrior hits you with a +0 long sword.
The orc warrior barely misses you.
You sock the orc warrior!
You kill the orc warrior!
The orc warrior hits you from afar with a +0 trident.
You hit the orc warrior. You headbutt the orc warrior.
The orc warrior is lightly wounded.
The orc priest is no longer distracted by gold.
The orc warrior unwields a +0 orcbow.
The orc warrior wields a +0 dire flail.
The orc warrior hits you with a +0 dire flail!
* * * LOW HITPOINT WARNING * * *
The orc warrior hits you from afar with a +0 trident!
* * * LOW HITPOINT WARNING * * *
You sock the orc warrior!
You headbutt the orc warrior, but do no damage.
The orc warrior is heavily wounded.
The orc warrior barely misses you. x2
The orc is distracted by your dazzling golden aura.
The orc warrior closely misses you. You furiously retaliate!
You headbutt the orc warrior!
The orc warrior hits you from afar with a +0 trident!
* * * LOW HITPOINT WARNING * * *
It was a potion of brilliance.
You feel clever all of a sudden.
The orc warrior hits you with a +0 dire flail.
* * * LOW HITPOINT WARNING * * *
The orc warrior barely misses you.
It was a potion of cancellation.
Your magical effects are unravelling.
You feel magically purged.
You feel a little less clever now.
The orc is no longer distracted by gold.
The orc warrior hits you with a +0 dire flail!
You die...
Your body crumbles into a pile of gold.

#.# #<#.# #.# #.#.#
######8..# .....#...####
.##..#......######
.8#..#...........#
.##..#..###.####.#
...#.#..# #.# #.#
..o#['..###.# #@#
.8.#.'....#.####o####
.o.#.'..#.#.#..ooo..#...
...#.#.oooooo.ooo.......
.##.o#..###<#[##....#...
.8#oo#..# #.#?##..#.....
.##..#..# #.#.###...#...
.....#..# #.#.# #..!...
######8.# #...( ###...


You could see 2 orc warriors, 2 orc priests and 3 orcs.

Vanquished Creatures
  Pikel (D:6)
  The ghost of Morowski the Thaumaturge, a novice SpCj of Sif Muna (D:8)
  Maggie (D:7)
  A wyvern (D:7)
  6 yaks (D:8)
  A warg (D:8)
  3 ice beasts
  An orc warrior (D:8)
  A black bear (D:5)
  A centaur (D:8)
  A kobold brigand (D:6)
  6 scorpions
  4 killer bees (D:8)
  A howler monkey (D:8)
  4 crimson imps (D:4)
  A jelly (D:6)
  2 hounds
  3 orc priests
  Ijyb (D:3)
  Jessica (D:3)
  4 orc wizards
  A gnoll bouda (D:7)
  4 iguanas
  3 gnolls (D:7)
  7 adders
  A shadow imp (D:5)
  A white imp (D:5)
  3 worms
  4 dart slugs
  18 orcs
  8 endoplasms
  2 goblins (D:3)
  9 hobgoblins
  9 kobolds
  A quokka (D:4)
  2 ball pythons (D:2)
  6 bats
  2 frilled lizards (D:3)
  7 rats
133 creatures vanquished.

Notes
Turn   | Place    | Note
-------+----------+-------------------------------------------
     0 | D:1      | Fodor the Minotaur Fighter began the quest for the Orb.
     0 | D:1      | Reached XP level 1. HP: 19/19 MP: 0/0
   182 | D:1      | Reached XP level 2. HP: 27/27 MP: 1/1
   435 | D:1      | You fall into a shaft and drop 1 floor!
   483 | D:2      | Reached XP level 3. HP: 16/33 MP: 2/2
  1275 | D:3      | Noticed Ijyb
  1282 | D:3      | Reached XP level 4. HP: 28/40 MP: 3/3
  1295 | D:3      | HP: 2/40 [Ijyb/+0 dagger (3)]
  1296 | D:3      | Killed Ijyb
  1582 | D:3      | Noticed Jessica
  1585 | D:3      | Killed Jessica
  1586 | D:3      | Reached XP level 5. HP: 46/46 MP: 4/4
  1702 | D:3      | Found a hide-covered altar of Uskayaw.
  1890 | D:4      | Reached skill level 5 in Axes
  2024 | D:4      | Reached skill level 1 in Dodging
  2066 | D:4      | Reached XP level 6. HP: 33/53 MP: 5/5
  2312 | D:4      | Reached skill level 5 in Armour
  2453 | D:4      | Found a staircase to the Ecumenical Temple.
  2462 | Temple   | Entered the Ecumenical Temple
  2491 | Temple   | Became a worshipper of Gozag Ym Sagoz the Greedy
  2545 | D:4      | Found a shimmering altar of Xom.
  2689 | D:4      | Reached XP level 7. HP: 44/60 MP: 6/6
  2801 | D:4      | Identified the +7 mace of Makhleb's Generosity {heavy,
                  | rCorr Str-4 Dex+2}
  2835 | D:4      | Reached skill level 5 in Shields
  2842 | D:4      | Found a shimmering blue altar of Sif Muna.
  2842 | D:4      | Found a radiant altar of Vehumet.
  2966 | D:5      | Entered Level 5 of the Dungeon
  3088 | D:5      | Reached skill level 5 in Fighting
  3231 | D:5      | Reached skill level 1 in Maces & Flails
  3295 | D:5      | Reached skill level 2 in Maces & Flails
  3517 | D:6      | Reached XP level 8. HP: 60/68 MP: 7/7
  3665 | D:6      | Noticed Pikel
  3672 | D:6      | Killed Pikel
  3673 | D:6      | Reached skill level 4 in Maces & Flails
  3848 | D:6      | Reached skill level 5 in Maces & Flails
  4236 | D:7      | Noticed Maggie
  4247 | D:7      | Killed Maggie
  4248 | D:7      | Reached skill level 6 in Maces & Flails
  4248 | D:7      | Reached XP level 9. HP: 16/75 MP: 8/8
  4602 | D:7      | Reached skill level 1 in Stealth
  4760 | D:7      | Found an iron altar of Okawaru.
  5156 | D:7      | Found a hazy altar of Hepliaklqana.
  5449 | D:8      | Reached skill level 7 in Maces & Flails
  5551 | D:8      | Reached skill level 8 in Maces & Flails
  5600 | D:8      | Found a runed translucent gate.
  5601 | D:8      | Noticed Morowski's ghost (novice SpCj)
  5615 | D:8      | Found a runed translucent gate.
  5616 | D:8      | Found a runed translucent gate.
  5682 | D:8      | Killed Morowski's ghost
  5683 | D:8      | Reached skill level 9 in Maces & Flails
  5683 | D:8      | Reached XP level 10. HP: 50/84 MP: 9/9
  5693 | D:8      | Slain by an orc warrior

Illustrated notes

Levels and vault maps discovered:
D:1:      orjb1_clovarrival, layout_basic
D:2:      layout_rooms, uniq_robin
D:3:      layout_rooms, lemuel_crystal_altar, uniq_jessica, uniq_ijyb
D:4:      layout_loops_ring, led_xom_imps, mainiacjoe_overflow_divided_tiny,
          lemuel_temple_firewalk_b
D:5:      layout_rooms
D:6:      layout_gridville, minmay_misc_feat_ornament, uniq_pikel
D:7:      layout_loops_corners, lemuel_coloured_pillars_altar,
          nicolae_hepliaklqana_hazy_memory, kennysheep_generic_room_2,
          uniq_maggie
D:8:      layout_loops_ring, biasface_ghost_orc_armoury, nicolae_take_the_stairs
Temple:   nicolae_temple_slightly_damp_pantheon

Skill      XL: |  1  2  3  4  5  6  7  8  9 |
---------------+----------------------------+-----
Fighting       | 4 5 6 |  6.9
Shields        | 4 6 7 8 |  8.1
Armour         | 4 5 7 8 |  8.8
Axes           | 3 4 5 6 7 |  7.4
Dodging        | 1 2 3 |  3.4
Maces & Flails | 2 6 9 |  9.2
Stealth        | 1 |  1.2

Action                     |  1- 3 |  4- 6 |  7- 9 | 10-12 || total
---------------------------+-------+-------+-------+-------++-------
  Melee: War axe           |    62 |   120 |       |       ||   182
         Headbutt          |     7 |    12 |    28 |     2 ||    49
         Mace              |       |       |   159 |     8 ||   167
    Use: Scroll            |       |     1 |       |       ||     1
         Potion            |       |       |     1 |     2 ||     3
   Stab: Distracted        |       |       |     1 |       ||     1
 Armour: Scale mail        |    10 |       |       |       ||    10
         Chain mail        |    62 |    82 |   182 |    12 ||   338
  Dodge: Dodged            |    42 |    37 |   112 |     8 ||   199
  Block: Buckler           |    14 |    47 |    90 |     1 ||   152
         Reflection        |       |     2 |       |       ||     2

Table legend: (Time is in decaauts)
 A = Elapsed time spent in this place.
 B = Non-inter-level travel time spent in this place.
 C = Inter-level travel time spent in this place.
 D = Time resting spent in this place.
 E = Time spent auto-exploring this place.
 F = Levels seen in this place.
 G = Mean time per level.
                   A        B        C        D        E       F      G
               +--------+--------+--------+--------+--------+-----+--------+
         Total |   5850 |   5717 |    133 |    628 |      0 |   9 |  650.0 |
       Dungeon |   5798 |   5665 |    133 |    628 |      0 |   8 |  724.8 |
        Temple |     51 |     51 |      0 |      0 |      0 |   1 |   51.0 |
               +--------+--------+--------+--------+--------+-----+--------+

Top non-repeatable levels by time:
     D:7: 1300 daAuts
     D:4: 1087 daAuts
     D:1: 840 daAuts
     D:6: 738 daAuts
     D:3: 587 daAuts
     D:5: 502 daAuts
     D:2: 460 daAuts
     D:8: 281 daAuts
  Temple: 51 daAuts
